 Dungeon Sprint DCSS version 0.22-a0-362-g535178c5c5 (webtiles) character file.

3647 KillingSpree the Basher (level 10, -9/120 HPs)
             Began as an Ogre Berserker on Apr 20, 2018.
             Was the Champion of Trog.
             Mangled by a blink frog (11 damage)
             ... in the Dungeon (Sprint IX: "|||||||||||||||||||||||||||||").
             The game lasted 00:01:45 (915 turns).

KillingSpree the Basher (Ogre Berserker)             Turns: 915, Time: 00:01:46

Health: -9/120     AC:  3    Str: 26    XL:     10   Next: 12%
Magic:  3/3        EV: 14    Int: 11    God:    Trog [******]
Gold:   16         SH:  0    Dex: 11    Spells: 9/9 levels left

rFire    . . .     SeeInvis .   r - +4 giant club (antimagic)
rCold    . . .     Gourm    .   (shield currently unavailable)
rNeg     . . .     Faith    .   b - +0 animal skin
rPois    .         Spirit   .   (helmet restricted)
rElec    .         Reflect  .   (no cloak)
rCorr    .         Harm     .   (gloves unavailable)
MR       +++..     Rnd*Rage +   (boots unavailable) Stlth +.........NoTele +
                                (no amulet)
HPRegen  1.30/turn              p - +3 ring of intelligence
MPRegen  0.08/turn              o - +3 ring of dexterity

@: berserk cooldown, regenerating
A: large, unfitting armour, antennae 1, berserk 1, blurry vision 1, tough skin 1
a: Berserk, Trog's Hand, Brothers in Arms, Renounce Religion


You were in the Dungeon.
You worshipped Trog.
Trog was exalted by your worship.
You were very hungry.

You visited 1 branch You collected 16 gold pieces.

Inventory:

Hand Weapons
 a - a +0 mace
 m - a +2 dire flail of protection
 r - a +4 antimagic giant club (weapon)
Armour
 b - a +0 animal skin (worn)
 n - a +0 cloak
Jewellery
 o - a +3 ring of dexterity (right hand)
 p - a +3 ring of intelligence (left hand)
Wands
 l - a wand of acid (10)
Scrolls
 i - 3 scrolls of blinking
 k - 3 scrolls of remove curse
 u - 5 scrolls of identify
 v - 2 scrolls of enchant armour
Potions
 d - 5 potions of curing
 e - 2 potions of heal wounds
 f - a potion of haste
 g - 4 potions of magic
 h - a potion of berserk rage
 j - a potion of invisibility
 q - a potion of agility
 s - a potion of resistance
Miscellaneous
 t - a phial of floods


   Skills:
 + Level 13.6 Fighting
 + Level 14.0 Maces & Flails
 * Level 8.3 Armour
 + Level 9.2 Dodging


You had 9 spell levels left.
You didn't know any spells.

Dungeon Overview and Level Annotations

Branches:
Dungeon (1/1)

Altars:
Cheibriados
Dithmenos
Elyvilon
Fedhas
Gozag
Hepliaklqana
Kikubaaqudgha
Makhleb
Nemelex Xobeh
Okawaru
Qazlal
Ru
Sif Muna
Trog
Uskayaw
Vehumet
Wu Jian
Xom
Yredelemnul
Zin
The Shining One
Beogh
Jiyva
Lugonu


Innate Abilities, Weirdness & Mutations

You are too large for most types of armour.
You have tough skin. (AC +1)
You have a pair of small antennae on your head.
You tend to lose your temper in combat.
Scrolls take you a little longer to read.


Message History

The blink frog misses you.
You miss the blink frog.
The blink frog blinks! x2
All of the chunks of flesh in your inventory have rotted away.
There is an open door, spattered with blood here.
Things that are here:
a bullfrog corpse; a spiny frog corpse You miss the blink frog.
The blink frog hits you!
* * * LOW HITPOINT WARNING * * *
Unknown command.
You bludgeon the blink frog!!
The blink frog's magic leaks into the air.
The blink frog is heavily wounded.
You feel yourself speed up.
You feel the effects of Trog's Hand fading.
The blink frog barely misses you. The blink frog hits you.
* * * LOW HITPOINT WARNING * * *
You barely miss the blink frog.
The blink frog is heavily wounded.
The blink frog hits you!
You die...

▓_▓.▓.▓
▓_▓.▓.▓
▓_▓.▓.▓
▓_▓.▓.▓
▓_▓.▓.▓
▓_▓.▓.▓
▓_▓.▓†▓
▓_▓.▓F▓
▓_▓.▓@▓
▓_▓.▓.▓
▓_▓.▓.▓
▓_▓.▓.▓
▓_▓.▓.▓
▓_▓.▓.▓
▓_▓.▓.▓
▓_▓.▓÷▓
▓_▓.▓†▓


You could see a blink frog.

Vanquished Creatures
  A black mamba (D)
  2 gargoyles (D)
  A spiny frog (D)
  A rime drake (D)
  A troll (D)
  2 hippogriffs (D)
  A blink frog (D)
  2 wyverns (D)
  A yak (D)
  3 water moccasins (D)
  A porcupine (D)
  An ice beast (D)
  3 crocodiles (D)
  2 bullfrogs (D)
  2 crimson imps (D)
  A hound (D)
  An iguana (D)
  A worker ant (D)
  A shadow imp (D)
  An adder zombie (D)
  A leopard gecko (D)
  A bat skeleton (D)
  2 hobgoblins (D)
  A jackal (D)
  2 kobolds (D)
  A ball python skeleton (D)
  A frilled lizard (D)
  A jackal zombie (D)
39 creatures vanquished.

Vanquished Creatures (others)
  A spatial maelstrom (D)
1 creature vanquished.

Grand Total: 40 creatures vanquished

Notes
Turn   | Place    | Note
-------+----------+-------------------------------------------
     0 | D        | KillingSpree the Ogre Berserker began the quest for the Orb.
     0 | D        | Reached XP level 1. HP: 24/24 MP: 1/1
     4 | D        | Reached skill level 3 in Maces & Flails
    10 | D        | Banished a spatial maelstrom
    12 | D        | Reached ** piety under Trog
    12 | D        | Reached skill level 4 in Maces & Flails
    24 | D        | Reached XP level 2. HP: 21/32 MP: 2/2
   135 | D        | Reached *** piety under Trog
   138 | D        | Reached skill level 6 in Maces & Flails
   138 | D        | Reached XP level 3. HP: 39/39 MP: 3/3
   139 | D        | Reached **** piety under Trog
   174 | D        | Found a roughly hewn altar of Beogh.
   174 | D        | Found a snail-covered altar of Cheibriados.
   174 | D        | Found a shadowy altar of Dithmenos.
   174 | D        | Found a white marble altar of Elyvilon.
   174 | D        | Found a blossoming altar of Fedhas.
   174 | D        | Found an opulent altar of Gozag.
   175 | D        | Found a hazy altar of Hepliaklqana.
   176 | D        | Found a viscous altar of Jiyva.
   177 | D        | Found an ancient bone altar of Kikubaaqudgha.
   178 | D        | Found a corrupted altar of Lugonu.
   179 | D        | Found a burning altar of Makhleb.
   180 | D        | Found a sparkling altar of Nemelex Xobeh.
   181 | D        | Found an iron altar of Okawaru.
   182 | D        | Found a stormy altar of Qazlal.
   183 | D        | Found a sacrificial altar of Ru.
   184 | D        | Found a deep blue altar of Sif Muna.
   185 | D        | Found a bloodstained altar of Trog.
   186 | D        | Found a hide-covered altar of Uskayaw.
   187 | D        | Found a radiant altar of Vehumet.
   188 | D        | Found an ornate altar of the Wu Jian Council.
   189 | D        | Found a shimmering altar of Xom.
   190 | D        | Found a basalt altar of Yredelemnul.
   191 | D        | Found a glowing silver altar of Zin.
   192 | D        | Found a glowing golden altar of the Shining One.
   221 | D        | Noticed a troll
   221 | D        | Noticed a water moccasin
   221 | D        | Noticed a gargoyle
   224 | D        | Killed a gargoyle
   224 | D        | Reached skill level 8 in Maces & Flails
   224 | D        | Reached skill level 5 in Dodging
   224 | D        | Reached XP level 4. HP: 58/58 MP: 4/4
   224 | D        | Reached XP level 5. HP: 66/66 MP: 5/5
   224 | D        | Reached XP level 6. HP: 74/74 MP: 6/6
   230 | D        | Reached skill level 9 in Maces & Flails
   235 | D        | Killed a water moccasin
   235 | D        | Reached XP level 7. HP: 83/83 MP: 7/7
   244 | D        | Killed a troll
   244 | D        | Reached skill level 10 in Fighting
   244 | D        | Reached skill level 10 in Maces & Flails
   244 | D        | Reached skill level 5 in Armour
   247 | D        | Reached ***** piety under Trog
   514 | D        | Noticed a gargoyle
   520 | D        | Killed a gargoyle
   520 | D        | Reached XP level 8. HP: 97/97 MP: 8/8
   529 | D        | Reached skill level 11 in Maces & Flails
   653 | D        | Gained mutation: You have large cloven feet. [potion of mutation]
   653 | D        | Gained mutation: You expend magic power (3 MP) to strengthen your wands. [potion of mutation]
   653 | D        | Gained mutation: Your magical capacity is low. (-10% MP) [potion of mutation]
   653 | D        | Gained mutation: Your muscles are strong. (Str +2) [potion of mutation]
   654 | D        | Lost mutation: You expend magic power (3 MP) to strengthen your wands. [potion of mutation]
   654 | D        | Lost mutation: You have large cloven feet. [potion of mutation]
   654 | D        | Gained mutation: Your spells are a little easier to cast, but a little less powerful. [potion of mutation]
   654 | D        | Gained mutation: You tend to lose your temper in combat. [potion of mutation]
   654 | D        | Gained mutation: You are agile. (Dex +2) [potion of mutation]
   655 | D        | Lost mutation: You are agile. (Dex +2) [potion of mutation]
   655 | D        | Lost mutation: Your spells are a little easier to cast, but a little less powerful. [potion of mutation]
   655 | D        | Lost mutation: Your muscles are strong. (Str +2) [potion of mutation]
   655 | D        | Lost mutation: Your magical capacity is low. (-10% MP) [potion of mutation]
   655 | D        | Gained mutation: Scrolls take you a little longer to read. [potion of mutation]
   655 | D        | Gained mutation: You have a pair of small antennae on your head. [potion of mutation]
   656 | D        | Noticed a black mamba
   656 | D        | Noticed a rime drake
   656 | D        | Noticed a hippogriff
   668 | D        | Killed a hippogriff
   669 | D        | Noticed a wyvern
   688 | D        | Killed a rime drake
   688 | D        | Received a gift from Trog
   688 | D        | Reached skill level 12 in Maces & Flails
   688 | D        | Reached XP level 9. HP: 84/106 MP: 9/9
   694 | D        | Killed a black mamba
   698 | D        | Reached ****** piety under Trog
   698 | D        | Reached skill level 13 in Maces & Flails
   879 | D        | Noticed a spiny frog
   883 | D        | Killed a spiny frog
   902 | D        | Reached XP level 10. HP: 43/119 MP: 3/10
   909 | D        | Received a gift from Trog
   909 | D        | Reached skill level 14 in Maces & Flails
   913 | D        | HP: 4/120 [blink frog (17)]
   914 | D        | HP: 1/120 [blink frog (5)]
   915 | D        | Mangled by a blink frog

Vault maps used:
D:        linesprint

Skill      XL: |  1  2  3  4  5  6  7  8  9 10 |
---------------+-------------------------------+-----
Maces & Flails | 4 6 8 9 10 12 13 14 | 14.0
Fighting       | 8 9 11 12 13 | 13.6
Armour         | 3 4 5 6 8 |  8.3
Dodging        | 5 6 7 8 9 |  9.2

Action                   |  1- 3 |  4- 6 |  7- 9 | 10-12 || total
-------------------------+-------+-------+-------+-------++-------
Melee: Mace              |    26 |       |       |       ||    26
       Dire flail        |     2 |    11 |    66 |       ||    79
       Giant club        |       |       |    19 |    12 ||    31
Invok: Berserk           |     2 |       |     3 |       ||     5
       Trog's Hand       |       |       |     2 |       ||     2
  Use: Potion            |       |       |     4 |       ||     4
  Eat: Chunk             |       |       |     1 |       ||     1
       Ration            |       |       |     1 |       ||     1
Armor: Animal skin       |     8 |     2 |    19 |     2 ||    31
Dodge: Dodged            |    14 |     2 |    29 |    19 ||    64

Table legend:
 A = Spawn XP
 B = Non-spawn XP
 C = Spawn XP percentage of total XP
 D = Spawn monster count
 E = Non-spawn monster count
 F = Spawn count percentage of total count
 G = Total turns spent on level
                    A         B        C        D         E        F      G
               +---------+---------+-------+---------+---------+-------+---------
         Total |       0 |    5210 |   0.0 |       0 |      39 |   0.0 |   915
               +---------+---------+-------+---------+---------+-------+---------
             D |       0 |    5210 |   0.0 |       0 |      39 |   0.0 |   915
               +---------+---------+-------+---------+---------+-------+---------
